 Dungeon Crawl Stone Soup version 0.23.2-1-ga50397a (webtiles) character file.

Game seed: 15787171700062205708

590 eccles the Chopper (level 7, -1/61 HPs)
             Began as a Minotaur Abyssal Knight on May 7, 2019.
             Was a Priest of Lugonu.
             Slain by Menkaure (19 damage)
             ... on level 4 of the Dungeon on May 9, 2019.
             The game lasted 00:19:10 (3953 turns).

eccles the Chopper (Minotaur Abyssal Knight)        Turns: 3953, Time: 00:19:10

Health: -1/61      AC:  7    Str: 18    XL:     7   Next: 15%
Magic:  8/8        EV: 10    Int:  9    God:    Lugonu [***...]
Gold:   200        SH:  0    Dex: 10    Spells: 6/6 levels left

rFire    . . .     SeeInvis .   a - +1 hand axe
rCold    . . .     Gourm    .   (no shield)
rNeg     . . .     Faith    .   n - +1 scale mail
rPois    .         Spirit   .   (helmet restricted)
rElec    .         Reflect  .   (no cloak)
rCorr    .         Harm     .   (no gloves)
MR       .....                  (no boots)
Stlth    ..........             s - amulet of magic regeneration
HPRegen  0.20/turn              (no ring)
MPRegen  0.36/turn              (no ring)

@: no status effects
A: retaliatory headbutt, horns 2
a: Depart the Abyss, Bend Space, Banish, Renounce Religion


You were on level 4 of the Dungeon.
You worshipped Lugonu.
Lugonu was most pleased with you.
You were not hungry.

You visited 1 branch of the dungeon, and saw 4 of its levels.
You visited the Abyss 1 time.
You also visited: Sewer.

You collected 200 gold pieces.

Inventory:

Hand Weapons
 a - a +1 hand axe (weapon)
Armour
 b - a +0 leather armour
 n - a +1 scale mail (worn)
Jewellery
 s - an amulet of magic regeneration (around neck)
Scrolls
 d - a scroll of enchant armour
 i - 2 scrolls of teleportation
 j - 2 scrolls of fear
 l - 4 scrolls of remove curse
 o - a scroll of noise {unknown}
 p - a scroll of identify {unknown}
 q - a scroll of amnesia {unknown}
 t - a scroll of blinking {unknown}
 u - a scroll of enchant weapon {unknown}
 v - a scroll of magic mapping {unknown}
Potions
 e - 2 potions of curing
 f - 2 potions of might {unknown}
 g - a potion of agility {unknown}
 h - a potion of haste {unknown}
 k - a potion of flight {unknown}
 m - a potion of heal wounds {unknown}
 r - a potion of degeneration {unknown}
Comestibles
 c - 8 rations
 w - 11 chunks of flesh


   Skills:
 * Level 5.5 Fighting
 * Level 7.1 Axes
 + Level 3.6 Armour
 + Level 1.2 Dodging
 + Level 0.1 Stealth
 * Level 3.5 Invocations


You had 6 spell levels left.
You didn't know any spells.
Your spell library was empty.

Dungeon Overview and Level Annotations

Branches:
Dungeon (4/15)
 Temple: D:4-7

Altars:
Fedhas
Nemelex Xobeh
Okawaru
Trog

Annotations:
D:3 2 transporters, Borbor's ghost, amateur MfGl
D:4 Menkaure


Innate Abilities, Weirdness & Mutations

You reflexively headbutt those who attack you in melee.
You have a pair of horns on your head.


Message History

You barely miss Menkaure.
Menkaure is heavily damaged.
Menkaure barely misses you.
You hit Menkaure.
Menkaure is heavily damaged.
Menkaure closely misses you.
You hit Menkaure but do no damage. Your headbutt misses Menkaure.
Menkaure is heavily damaged.
Menkaure calls on the powers of darkness!
Your body is wracked with pain!
* * * LOW HITPOINT WARNING * * *
You hit Menkaure.
Menkaure is severely damaged.
You hit Menkaure.
Menkaure is almost destroyed.
Menkaure completely misses you.
You closely miss Menkaure.
Menkaure is almost destroyed.
Menkaure hits you!!
You die...

## # #.# #.. ..#.... ### .......
##.###M...... ♣ ##...#@.......
.# #.............###♣.♣
##..###..####...#.## ..
##......## ......#... #....#..##
##.....#...
##########....#...####..###...##
#.......................#......#
#.......##############.......$..
#......####....## ###.....###.


You could see Menkaure.

Vanquished Creatures
  An ogre (D:3)
  2 bullfrogs (Sewer)
  A scorpion (D:4)
  A gnoll shaman (D:3)
  Jessica (D:2)
  2 worker ants
  Robin (D:2)
  5 gnolls
  5 adders
  3 worms (D:2)
  A dart slug (D:1)
  7 leopard geckos
  5 orcs (D:4)
  9 bats
  8 giant cockroaches
  10 goblins
  7 hobgoblins
  9 jackals
  A quokka (D:2)
  5 ball pythons
  11 frilled lizards
  6 kobolds
  7 rats
108 creatures vanquished.

Notes
Turn   | Place    | Note
-------+----------+-------------------------------------------
     0 | Abyss:1  | eccles the Minotaur Abyssal Knight began the quest for the
                  | Orb.
     0 | Abyss:1  | Reached XP level 1. HP: 19/19 MP: 1/1
    73 | Abyss:1  | Noticed a chaos spawn
    74 | D:1      | Escaped the Abyss
   170 | D:1      | Reached * piety under Lugonu
   170 | D:1      | Reached XP level 2. HP: 23/27 MP: 2/2
   689 | D:1      | Reached skill level 3 in Axes
   723 | D:1      | Reached XP level 3. HP: 31/34 MP: 3/3
   947 | D:2      | Found a sparkling altar of Nemelex Xobeh.
   963 | D:2      | Noticed Jessica
   981 | D:2      | Killed Jessica
   981 | D:2      | Reached XP level 4. HP: 34/41 MP: 4/4
  1058 | D:2      | Reached ** piety under Lugonu
  1111 | D:2      | Noticed Robin
  1118 | D:2      | Killed Robin
  1118 | D:2      | Reached skill level 4 in Axes
  1209 | D:2      | Found a blossoming altar of Fedhas.
  1753 | D:3      | Found a glowing drain.
  1799 | Sewer    | Entered a sewer
  1810 | Sewer    | Reached XP level 5. HP: 45/47 MP: 5/5
  2096 | Sewer    | Reached skill level 5 in Fighting
  2096 | Sewer    | Reached skill level 5 in Axes
  2099 | Sewer    | Reached XP level 6. HP: 23/56 MP: 5/7
  2458 | D:3      | Found an iron altar of Okawaru.
  2459 | D:3      | Found a bloodstained altar of Trog.
  2599 | D:3      | Found a transporter.
  2603 | D:3      | Noticed Borbor's ghost (amateur MfGl)
  2635 | D:3      | Found a transporter.
  2994 | D:3      | Reached skill level 6 in Axes
  3151 | D:3      | Reached *** piety under Lugonu
  3544 | D:4      | Reached skill level 7 in Axes
  3544 | D:4      | Reached XP level 7. HP: 44/61 MP: 8/8
  3943 | D:4      | Noticed Menkaure
  3953 | D:4      | Slain by Menkaure

Skill      XL: |  1  2  3  4  5  6 |
---------------+-------------------+-----
Fighting       | 4 5 |  5.5
Axes           | 3 4 5 7 |  7.1
Invocations    | 2 3 |  3.5
Armour         | 3 |  3.6
Dodging        | |  1.2
Stealth        | |  0.1

Action                   |  1- 3 |  4- 6 |  7- 9 || total
-------------------------+-------+-------+-------++-------
Melee: Hand axe          |    65 |   163 |    21 ||   249
       Headbutt          |     6 |    25 |     4 ||    35
Invok: Depart the Abyss  |     1 |       |       ||     1
       Bend Space        |       |     1 |       ||     1
  Use: Scroll            |       |     4 |       ||     4
       Potion            |       |     2 |       ||     2
  Eat: Chunk             |       |     8 |     2 ||    10
Armor: Leather armour    |    15 |     5 |       ||    20
       Scale mail        |       |    55 |     6 ||    61
Dodge: Dodged            |    36 |   100 |     8 ||   144
